AoeStats
← Boost'Hate John

Hideout

503601699Analyzed
4v4 RM · 1mo ago on Sep 1, 2026· 55m 8s· 8 players
Game mode
Random Map
Map size
Large (8 player)
Population
200
Speed
Normal
Resources
Standard
Victory
Conquest
Starting age
Dark Age
Ending age
Imperial Age
RankedLock teamsTeams togetherTeam positionsShared explorationLock speedFull tech treeHidden civsTurbo modeCheats
Victory
Defeat
🇨🇳 Spanish · China
1846
+13
🇦🇷 Goths · Argentina
1843
+13
🇨🇳 Britons · China
1755
+17
🇭🇰 Franks · Hong Kong SAR China
1687
+20
🇫🇷 Koreans · France
1897
-21
🇫🇷 Hindustanis · France
1792
-16
🇫🇷 Italians · France
1735
-14
🇫🇷 Lithuanians · France
1689
-12
Boost'Hate John
5:18 Loom
8:13 Feudal Age
8:42 Double-Bit Axe
12:37 Horse Collar
20:45 Castle Age
18:56 Fletching
29:23 Bodkin Arrow
30:48 Herbal Medicine
39:07 Imperial Age
38:04 Bow Saw
37:54 Heavy Plow
42:14 Fortified Wall
42:47 Masonry
43:02 Arrowslits
43:48 Ballistics
47:01 Chemistry
kitchiro
10:28 Feudal Age
14:40 Castle Age
12:56 Horse Collar
13:07 Double-Bit Axe
15:36 Bow Saw
16:06 Heavy Plow
20:47 Loom
21:39 Wheelbarrow
24:33 Gold Mining
24:37 Stone Mining
29:44 Imperial Age
28:19 Stone Shaft Mining
28:17 Hand Cart
28:28 Scale Barding Armor
28:34 Forging
30:08 Chain Barding Armor
30:16 Bloodlines
30:06 Husbandry
30:59 Conscription
31:41 Plate Barding Armor
31:56 Iron Casting
32:26 Crop Rotation
33:02 Two-Man Saw
31:40 Elite Leitis
36:21 Light Cavalry
38:24 Fletching
39:25 Bodkin Arrow
39:30 Padded Archer Armor
41:12 Chemistry
40:33 Ballistics
42:43 Bracer
45:46 Thumb Ring
46:44 Masonry
48:40 Elite Skirmisher
49:41 Leather Archer Armor
50:31 Coinage
52:34 Ring Archer Armor
52:50 Hoardings
Beauvéro
11:31 Feudal Age
12:03 Loom
15:07 Castle Age
12:55 Double-Bit Axe
13:32 Horse Collar
13:47 Fletching
16:27 Bow Saw
17:21 Wheelbarrow
19:51 Bodkin Arrow
21:44 Padded Archer Armor
23:54 Gold Mining
24:12 Heavy Plow
25:25 Leather Archer Armor
30:51 Imperial Age
30:15 Ballistics
30:47 Hand Cart
31:36 Bracer
32:38 Chemistry
33:11 Thumb Ring
33:51 Ring Archer Armor
37:38 Elite Genoese Crossbowman
39:27 Masonry
44:50 Conscription
44:54 Silk Road
49:33 Architecture
49:20 Pirotechnia
52:27 Elite Skirmisher
scorpion145
11:00 Feudal Age
15:04 Castle Age
12:53 Horse Collar
13:01 Double-Bit Axe
15:28 Loom
16:55 Bow Saw
19:55 Scale Barding Armor
20:36 Bloodlines
21:33 Chain Barding Armor
22:18 Husbandry
29:18 Devotion
29:49 Gold Mining
31:37 Forging
36:51 Wheelbarrow
39:16 Hand Cart
39:53 Heavy Plow
42:19 Iron Casting
44:31 Imperial Age
44:45 Heavy Camel Rider
47:17 Light Cavalry
49:26 Plate Barding Armor
50:53 Iron Casting
50:14 Hussar
51:41 Gold Shaft Mining
51:33 Caravan
53:11 Chemistry
53:50 Stone Mining
冥想控
9:04 Loom
11:32 Feudal Age
10:04 Loom
14:58 Castle Age
12:46 Double-Bit Axe
13:40 Horse Collar
13:53 Gold Mining
18:17 Town Watch
30:02 Bloodlines
39:33 Padded Archer Armor
40:38 Wheelbarrow
43:13 Caravan
43:28 Hand Cart
47:03 Imperial Age
45:17 Bow Saw
46:38 Leather Archer Armor
46:26 Heavy Plow
47:32 Coinage
48:27 Ring Archer Armor
49:28 Two-Man Saw
49:00 Banking
48:40 Guilds
48:53 Conscription
49:08 Elite Conquistador
50:37 Supremacy
51:43 Guilds
52:29 Hoardings
51:33 Capped Ram
53:14 Fletching
53:46 Ballistics
余江
9:31 Feudal Age
11:45 Double-Bit Axe
12:43 Loom
16:18 Castle Age
16:06 Gold Mining
16:53 Scale Barding Armor
26:57 Chain Barding Armor
26:49 Forging
26:44 Husbandry
29:51 Wheelbarrow
31:51 Imperial Age
29:07 Loom
29:07 Town Watch
32:02 Hand Cart
32:01 Bow Saw
32:06 Cavalier
34:36 Plate Barding Armor
34:36 Iron Casting
34:46 Paladin
37:33 Caravan
38:03 Coinage
39:39 Blast Furnace
39:27 Scale Mail Armor
40:12 Fortified Wall
47:46 Banking
50:57 Banking
51:24 Stone Mining
52:10 Gold Shaft Mining
54:57 Chain Mail Armor
56:11 Plate Mail Armor
qeozouwajqnl
9:13 Feudal Age
9:32 Man-at-Arms
11:06 Loom
12:59 Horse Collar
22:48 Castle Age
21:06 Gold Mining
21:31 Stone Mining
22:41 Wheelbarrow
24:24 Double-Bit Axe
24:42 Heavy Plow
25:45 Pikeman
29:42 Hand Cart
30:15 Scale Mail Armor
30:26 Forging
30:30 Town Watch
31:22 Squires
32:42 Chain Mail Armor
36:03 Imperial Age
35:05 Iron Casting
36:07 Halberdier
38:26 Blast Furnace
38:42 Conscription
38:15 Capped Ram
39:39 Coinage
39:35 Fletching
40:17 Bodkin Arrow
41:40 Bracer
42:44 Chemistry
42:06 Ballistics
42:49 Chemistry
42:20 Banking
42:02 Guilds
41:56 Elite Huskarl
42:37 Anarchy
43:15 Stone Shaft Mining
43:47 Caravan
52:30 Perfusion
53:21 Masonry
saihate
10:34 Feudal Age
12:44 Loom
15:48 Castle Age
14:42 Double-Bit Axe
15:47 Horse Collar
16:24 Fletching
19:31 Bodkin Arrow
20:01 Crossbowman
24:09 Ballistics
28:34 Padded Archer Armor
30:21 Fortified Wall
35:04 Imperial Age
35:06 Wheelbarrow
34:16 Town Watch
37:30 Bracer
39:23 Chemistry
42:16 Arbalester
44:11 Caravan
48:01 Hand Cart
54:30 Leather Archer Armor
Connection lost

Rejoining the realm…

Still unreachable

The connection could not be restored.

Session expired

The server has moved on; the page needs a fresh start.